 Dungeon Crawl Stone Soup version 0.26-a0-163-g6c8a0bf695 (webtiles) character file.

Game seed: 4778624498428521077

10643 BritishOli the Carver (level 11, -1/89 HPs)
             Began as a Demonspawn Monk on July 3, 2020.
             Was a High Priest of Okawaru.
             Slain by Snorg (14 damage)
             ... on level 11 of the Dungeon.
             The game lasted 00:27:49 (16932 turns).

BritishOli the Carver (Demonspawn Monk)            Turns: 16932, Time: 00:27:50

Health: -1/89      AC: 16    Str: 20    XL:     11   Next: 38%
Magic:  11/11      EV: 15    Int: 17    God:    Okawaru [*****.]
Gold:   191        SH:  5    Dex: 17    Spells: 10/10 levels left

rFire    + . .     SeeInvis .   y - +0 long sword
rCold    + . .     Faith    .   (no shield)
rNeg     . . .     Spirit   .   p - +1 scale mail
rPois    .         Reflect  +   (no helmet)
rElec    .         Harm     .   P - scarf {rC+ rF+}
rCorr    .                      h - +2 pair of gloves
MR       .....                  d - +0 pair of boots
Stlth    +.........             D - amulet of reflection
HPRegen  0.24/turn              O - +6 ring of strength
MPRegen  0.12/turn              M - +6 ring of intelligence

@: no status effects
A: hooves 1, thin metallic scales 2, rot immunity
a: Heroism, Finesse, Renounce Religion


You were on level 11 of the Dungeon.
You worshipped Okawaru.
Okawaru was extremely pleased with you.
You were not hungry.

You visited 2 branches of the dungeon, and saw 13 of its levels.

You collected 506 gold pieces.
You spent 315 gold pieces at shops.

Inventory:

Hand Weapons
 v - a +1 hand axe of flaming
 y - a +0 long sword (weapon)
 H - the cursed +0 hand axe "Akhleps" {holy, *Rage rF+ Stlth+, unknown}
   (You found it on level 9 of the Dungeon)

   It has been blessed by the Shining One to cause great damage to the undead
   and demons.
   It protects you from fire.
   It may make you go berserk in combat.
   It makes you more stealthy.
   It has a curse placed upon it.
Armour
 d - a +0 pair of boots (worn)
 h - a +2 pair of gloves (worn)
 p - a +1 scale mail (worn)
 P - a scarf of resistance (worn)
Jewellery
 s - an uncursed amulet of the acrobat
 t - an uncursed ring of protection from cold
 x - an uncursed ring of ice
 D - an amulet of reflection (around neck)
 M - a +6 ring of intelligence (right hand)
 O - a +6 ring of strength (left hand)
Wands
 u - a wand of acid (2)
 E - a wand of flame (13)
 I - a wand of iceblast (7)
 L - a wand of polymorph (10)
Scrolls
 e - 2 scrolls of random uselessness
 i - 8 scrolls of teleportation
 j - 2 scrolls of magic mapping
 k - 6 scrolls of identify
 l - a scroll of enchant weapon
 n - 5 scrolls of enchant armour
 w - 3 scrolls of remove curse
 z - a scroll of silence {unknown}
 J - a scroll of summoning {unknown}
Potions
 b - 3 potions of flight
 f - 2 potions of lignification {unknown}
 g - 2 potions of heal wounds
 m - 8 potions of curing
 o - a potion of brilliance
 q - 2 potions of haste {unknown}
 r - a potion of magic {unknown}
 A - 2 potions of mutation
 B - 2 potions of degeneration {unknown}
 C - a potion of cancellation {unknown}
 F - 2 potions of invisibility {unknown}
 G - a potion of might
 K - a potion of berserk rage {unknown}
Comestibles
 c - 23 rations


   Skills:
 + Level 9.3 Fighting
 + Level 9.6 Long Blades
 + Level 7.9 Armour
 + Level 8.5 Dodging
 - Level 2.2 Stealth


You had 10 spell levels left.
You didn't know any spells.
Your spell library contained the following spells:

 Spells                   Type           Power        Failure   Level  Hunger
 Beastly Appendage        Tmut           #.....       52%         1    ##.....
 Corona                   Hex            #......      52%         1    ##.....
 Ensorcelled Hibernation  Hex/Ice        #.....       65%         2    ###....
 Sticks to Snakes         Tmut           #.......     65%         2    ###....
 Confusing Touch          Hex            #.......     87%         3    ####...
 Dazzling Flash           Conj/Hex       #.....       87%         3    ####...
 Spider Form              Tmut/Pois      #.........   87%         3    ####...
 Tukima's Dance           Hex            #.......     87%         3    ####...
 Ice Form                 Ice/Tmut       #.......     99%         4    #####..
 Blade Hands              Tmut           #.........   100%        5    ######.


Dungeon Overview and Level Annotations

Branches:
Dungeon (12/15)            Temple (1/1) D:7            Lair (0/6) D:11
    Orc (0/2) D:11

Altars:
Ashenzari
Cheibriados
Dithmenos
Elyvilon
Fedhas
Gozag
Hepliaklqana
Kikubaaqudgha
Makhleb
Nemelex Xobeh
Okawaru
Qazlal
Ru
Sif Muna
Trog
Uskayaw
Vehumet
Wu Jian
Xom
Yredelemnul
Zin
The Shining One

Shops:
D:8 !

Annotations:
D:4 2 transporters, ch1llma's ghost, amateur HOMo
D:11 exclusion: 2 oklob plants, Snorg


Innate Abilities, Weirdness & Mutations

You have large cloven feet.
You are mostly covered in thin metallic scales. (AC +3)
You are immune to rotting.


Message History

You block Snorg's attack. Snorg claws you but does no damage.
You hit Snorg.
Snorg is heavily wounded.
Snorg misses you.
You riposte.
You slash Snorg!
Snorg is heavily wounded.
You block Snorg's attack. Snorg closely misses you.
Your scale mail prevents you from hitting Snorg.
Snorg is heavily wounded.
Snorg barely misses you.
You riposte.
You slash Snorg!
Snorg is heavily wounded.
Snorg closely misses you. Snorg barely misses you.
You slash Snorg!
Snorg is severely wounded.
Snorg closely misses you. Snorg claws you but does no damage. x2
Snorg bites you!
* * * LOW HITPOINT WARNING * * *
Snorg claws you!
* * * LOW HITPOINT WARNING * * *
Snorg claws you!
You die...

#.##..#.######.# #.##..#.#
#.# #.......######.##
................#####
#####.###...........######
# #.# #.####..#....(...# #
#.# #.# #....#.####.# #
#.# #.# #....#.# #.# #
#.###.## #.T@.#.# #.#
#####.##.#.###....#.# #.#
##..(...###.......#.####.#
...#.###.#.####...#.....<#
.....T.....####...#####..#
...>.####..#.##...# #..#
..................# #..#
###........#.#.#..# #..# #
#...............#####..##


You could see Snorg (berserk).

Vanquished Creatures
  A hydra (D:8)
  2 two-headed ogres
  A manticore (D:11)
  A wolf spider (D:11)
  A centaur skeleton (D:12)
  2 trolls (D:11)
  A hornet (D:12)
  2 dream sheep (D:8)
  3 slime creatures
  A hippogriff (D:12)
  Sigmund (D:2)
  A wyvern (D:9)
  9 yaks
  Eustachio (D:5)
  A water moccasin (D:10)
  3 ice beasts
  7 phantoms
  A sky beast (D:5)
  2 black bears (D:9)
  6 centaurs
  3 ogres
  4 big kobolds
  3 bullfrogs
  3 scorpions
  3 killer bees (D:8)
  4 howler monkeys
  A bullfrog zombie (D:9)
  4 hounds
  A jelly (D:11)
  3 orc priests
  3 quasits
  4 orc wizards
  2 bullfrog skeletons
  4 iguanas
  10 worker ants
  2 hound zombies
  A hound skeleton (D:7)
  2 howler monkey zombies
  A worker ant zombie (D:6)
  7 gnolls
  10 adders
  A shadow imp (D:6)
  2 white imps
  An ooze (D:6)
  2 worms
  6 dart slugs
  5 leopard geckos
  17 orcs
  2 giant cockroaches (D:6)
  4 goblins
  6 hobgoblins
  6 jackals
  A quokka (D:3)
  6 ball pythons
  7 bats
  4 frilled lizards
  A jackal skeleton (D:8)
  11 kobolds
  11 rats
215 creatures vanquished.

Vanquished Creatures (others)
  2 plants (D:5)
2 creatures vanquished.

Grand Total: 217 creatures vanquished

Notes
Turn   | Place    | Note
-------+----------+-------------------------------------------
     0 | D:1      | BritishOli the Demonspawn Monk began the quest for the Orb.
     0 | D:1      | Reached XP level 1. HP: 18/18 MP: 1/1
   289 | D:1      | Gained mutation: You are partially covered in thin metallic
                  | scales. (AC +2) [demonic ancestry]
   289 | D:1      | Reached XP level 2. HP: 24/24 MP: 2/2
   730 | D:2      | Reached XP level 3. HP: 28/29 MP: 3/3
   761 | D:2      | Reached skill level 1 in Armour
  1282 | D:2      | Noticed Sigmund
  1305 | D:2      | Killed Sigmund
  1305 | D:2      | Gained mutation: You have large cloven feet. [demonic
                  | ancestry]
  1305 | D:2      | Reached XP level 4. HP: 26/37 MP: 4/4
  1305 | D:2      | Reached XP level 5. HP: 30/42 MP: 5/5
  1353 | D:2      | Found a white marble altar of Elyvilon.
  2198 | D:3      | Reached XP level 6. HP: 41/48 MP: 6/6
  3175 | D:4      | Found a transporter.
  3178 | D:4      | Noticed ch1llma's ghost (amateur HOMo)
  3179 | D:4      | Found a transporter.
  3179 | D:4      | Identified the +11 great mace of Turmoil {venom, rElec MP+9
                  | Int+2 Dex-4}
  3276 | D:5      | Entered Level 5 of the Dungeon
  4226 | D:4      | Reached XP level 7. HP: 55/55 MP: 7/7
  4663 | D:5      | Noticed Eustachio
  4670 | D:5      | Killed Eustachio
  4670 | D:5      | Reached skill level 5 in Fighting
  5624 | D:5      | Reached skill level 5 in Long Blades
  5624 | D:5      | Reached skill level 5 in Dodging
  5624 | D:5      | Gained mutation: You are mostly covered in thin metallic
                  | scales. (AC +3) [demonic ancestry]
  5624 | D:5      | Reached XP level 8. HP: 37/63 MP: 8/8
  6301 | D:6      | Found a shimmering blue altar of Sif Muna.
  7600 | D:7      | Found a staircase to the Ecumenical Temple.
  7617 | Temple   | Entered the Ecumenical Temple
  7665 | Temple   | Became a worshipper of Warmaster Okawaru
  7665 | Temple   | Reached * piety under Okawaru
  7665 | Temple   | Reached ** piety under Okawaru
  8113 | D:7      | Reached skill level 5 in Armour
  8179 | D:7      | Reached XP level 9. HP: 56/71 MP: 9/9
  8956 | D:8      | Reached *** piety under Okawaru
  9190 | D:8      | Noticed a two-headed hydra
  9213 | D:8      | Killed a one-headed hydra
  9213 | D:8      | Reached **** piety under Okawaru
  9237 | D:8      | Gained mutation: You are immune to rotting. [demonic
                  | ancestry]
  9237 | D:8      | Reached XP level 10. HP: 22/79 MP: 10/10
  9587 | D:8      | Found Myemmebo's Distillery.
  9595 | D:8      | Bought a potion of mutation for 120 gold pieces
  9595 | D:8      | Bought a potion of curing for 45 gold pieces
  9595 | D:8      | Bought a potion of curing for 45 gold pieces
  9595 | D:8      | Bought a potion of curing for 45 gold pieces
  9595 | D:8      | Bought a potion of might for 60 gold pieces
  9851 | D:8      | Noticed a two-headed ogre
  9873 | D:8      | Killed a two-headed ogre
 10406 | D:9      | Noticed a two-headed ogre
 10410 | D:9      | Got a bloodstained hand axe
 10443 | D:9      | Killed a two-headed ogre
 11186 | D:9      | Reached ***** piety under Okawaru
 12075 | D:10     | Entered Level 10 of the Dungeon
 13266 | D:11     | Noticed a manticore
 13289 | D:11     | Killed a manticore
 13289 | D:11     | Reached XP level 11. HP: 50/87 MP: 11/11
 14015 | D:11     | Found a staircase to the Orcish Mines.
 14053 | D:11     | Noticed an oklob plant
 14113 | D:11     | Noticed an oklob plant
 14143 | D:11     | Found a staircase to the Lair.
 14941 | D:12     | Received a gift from Okawaru
 16075 | D:11     | Noticed Snorg
 16648 | D:12     | Noticed a wolf spider
 16685 | D:11     | Killed a wolf spider
 16932 | D:11     | Slain by Snorg

Illustrated notes

Levels and vault maps discovered:
D:1:      dpeg_arrival_pond, layout_basic, minmay_pentomino_w2
D:2:      layout_basic, old_standard_altar, first_ration, uniq_sigmund
D:3:      layout_basic
D:4:      layout_layer_cave, gammafunk_ghost_smash
D:5:      lemuel_ice_spiral_2, layout_basic, grunt_ministairs_7,
          chequers_big_river, uniq_eustachio
D:6:      layout_loops_ring, serial_glass, glass_columns_a, glass_columns_a,
          basic_altar
D:7:      layout_cave_pools, minmay_temple_entry_junction_2, sigmund_army
D:8:      layout_basic, serial_shops, shop, hangedman_ranch
          [blue_anna_fruit_fields]
D:9:      layout_loops_corners
D:10:     layout_cave_pools, hangedman_decor_growths,
          hangedman_decor_diamond_cutter
D:11:     layout_loops_ring, dpeg_oklobed_lair, orc_0_dummy, uniq_snorg
D:12:     kennysheep_treasure_stockpile, layout_cave_pods, ebering_ghost_gozag,
          minmay_the_grid_square_5x5_3x3_mashed
          [minmay_the_grid_square_5x5_detours,
          minmay_the_grid_square_5x5_minimal,
          minmay_the_grid_square_5x5_shuriken,
          minmay_the_grid_square_5x5_moneybag,
          minmay_the_grid_square_5x5_megaprize_open,
          minmay_the_grid_square_5x5_seven, minmay_the_grid_square_5x5_mess,
          minmay_the_grid_square_5x5_bridge, minmay_the_grid_square_5x5_eight]
Temple:   nicolae_temple_the_god_donut

Skill      XL: |  1  2  3  4  5  6  7  8  9 10 11 |
---------------+----------------------------------+-----
Stealth        | 2 |  2.2
Long Blades    | 3 4 5 6 8 9 |  9.6
Dodging        | 3 4 5 6 8 |  8.5
Armour         | 2 3 4 5 6 7 |  7.9
Fighting       | 4 5 6 7 8 9 |  9.3

Action                   |  1- 3 |  4- 6 |  7- 9 | 10-12 || total
-------------------------+-------+-------+-------+-------++-------
Melee: Falchion          |   131 |    74 |       |       ||   205
       Kick              |       |    55 |       |       ||    55
       Long sword        |       |    96 |   484 |   629 ||  1209
       Hand axe          |       |       |    19 |       ||    19
Invok: Heroism           |       |       |     1 |     2 ||     3
Evoke: Wand              |       |       |     2 |    31 ||    33
  Use: Scroll            |       |    11 |     2 |       ||    13
       Potion            |       |     1 |     1 |     2 ||     4
 Stab: Sleeping          |     5 |       |       |     1 ||     6
  Eat: Chunk             |     1 |     8 |     7 |    11 ||    27
       Ration            |       |       |     3 |     5 ||     8
Armor: Robe              |    19 |       |       |       ||    19
       Leather armour    |    17 |       |       |       ||    17
       Scale mail        |     4 |   109 |   240 |   350 ||   703
Dodge: Dodged            |    97 |   120 |   290 |   500 ||  1007
Block: Other             |       |       |    43 |   185 ||   228
       Reflection        |       |       |     1 |     5 ||     6
       Rpst.: Falchion   |    30 |    18 |       |       ||    48
       Long sword        |       |    11 |    83 |   117 ||   211

Table legend:
 A = Non-vault XP
 B = Vault XP
 C = Vault XP percentage of total XP
 D = Non-vault monster count
 E = Vault monster count
 F = Vault count percentage of total count
                 A         B        C        D         E       F
            +---------+---------+-------+---------+---------+-------
      Total |   10935 |    4270 |  28.1 |     192 |      23 |  10.7
            +---------+---------+-------+---------+---------+-------
        D:1 |      29 |       1 |   3.3 |      17 |       1 |   5.6
        D:2 |      71 |     212 |  74.9 |      20 |       1 |   4.8
        D:3 |     130 |       0 |   0.0 |      24 |       0 |   0.0
        D:4 |     258 |       0 |   0.0 |      16 |       0 |   0.0
        D:5 |     503 |     321 |  39.0 |      11 |       2 |  15.4
        D:6 |     540 |       0 |   0.0 |      14 |       0 |   0.0
        D:7 |     849 |       5 |   0.6 |      14 |       2 |  12.5
        D:8 |    1401 |    2199 |  61.1 |      13 |       8 |  38.1
        D:9 |    3383 |       0 |   0.0 |      30 |       0 |   0.0
       D:10 |     784 |       0 |   0.0 |      14 |       0 |   0.0
       D:11 |    2355 |     850 |  26.5 |      15 |       6 |  28.6
       D:12 |     632 |     682 |  51.9 |       4 |       3 |  42.9
            +---------+---------+-------+---------+---------+-------
